Map: Frozen Temple

Players

Ctrl - Winner!

  • Race: Zerg Zerg
  • League: Platinum

Nickos

  • Race: Terran Terran
  • League: Gold

VOD

Have the link to the VOD?

Description

Time

  • Played on: Oct. 2, 2016, 7:06 a.m.
  • Length: 12:12
Show
View Real Time Build Order
Export as new Build Order

Ctrl Zerg - Winner!

Build Orders: Hatch First, Muta Ling Bane 

Get SALT Encoding   

  12  0:01  Drone  
  13  0:12  Overlord  
  13  0:18  Drone  
  14  0:31  Drone x2  
  14  0:35  Drone  
  17  0:46  Drone  
  18  0:58  Hatchery  
  17  1:22  Spawning Pool  
  17  1:23  Overlord  
  17  1:24  Drone, Extractor  
  16  1:26  Drone  
  17  1:41  Overlord  
  17  1:48  Drone  
  18  2:02  Drone  
  18  2:08  Drone  
  20  2:09  Queen  
  20  2:10  Queen  
  20  2:12  Zergling x2  
  25  2:31  Drone x3  
  25  2:34  Metabolic Boost  
  28  2:44  Drone  
  29  2:53  Hatchery  
  28  2:59  Drone x3  
  31  3:07  Queen  
  31  3:10  Drone  
  31  3:11  Drone  
  35  3:27  Drone x2  
  35  3:28  Drone x5  
  35  3:32  Overlord  
  42  3:34  Drone  
  42  3:35  Drone  
  42  3:40  Extractor  
  43  3:41  Drone  
  45  3:52  Queen  
  45  3:54  Drone  
  45  3:55  Drone x2  
  50  4:02  Drone x2  
  52  4:13  Baneling Nest  
  51  4:18  Queen  
  51  4:19  Drone x2  
  55  4:37  Drone x2, Extractor  
  55  4:38  Drone, Extractor  
  57  4:39  Drone  
  57  4:40  Drone  
  57  4:42  Overlord  
  57  4:43  Overlord  
  58  4:51  Overlord  
  58  4:53  Lair  
  57  5:12  Overlord x4  
  57  5:15  Queen  
  57  5:21  Drone x6  
  60  5:22  Drone x4  
  69  5:31  Drone x3  
  69  5:32  Extractor  
  69  5:33  Overlord  
  69  5:34  Overlord  
  71  5:36  Evolution Chamber  
  71  5:37  Evolution Chamber  
  69  5:43  Hatchery  
  69  5:46  Drone x3  
  69  5:48  Drone x2  
  73  5:50  Zergling x2  
  74  5:59  Queen  
  74  6:00  Extractor  
  74  6:01  Extractor  
  74  6:08  Zergling x20  
  84  6:16  Baneling  
  84  6:18  Centrifical Hooks  
  84  6:23  Drone x3  
  84  6:24  Spire  
  86  6:27  Zerg Melee Weapons Level 1, Zerg Ground Armor Level 1  
  86  6:30  Baneling x2  
  86  6:31  Baneling x6  
  86  6:41  Spore Crawler, Drone  
  86  6:42  Drone x2  
  86  6:44  Drone x3  
  91  6:51  Drone x2  
  91  6:53  Zergling x2  
  91  6:54  Zergling x8  
  98  7:06  Baneling  
  98  7:17  Infestation Pit  
  97  7:24  Spore Crawler  
  96  7:37  Zerg Flyer Weapons Level 1  
  96  7:38  Zergling x2  
  96  7:39  Zergling x34  
  114  7:48  Baneling x5  
  114  7:49  Baneling x2  
  114  7:53  Baneling  
  114  7:54  Baneling x14  
  112  7:59  Overseer  
  112  8:00  Overseer  
  112  8:03  Mutalisk x5  
  122  8:07  Zergling x2  
  122  8:08  Zergling x16  
  111  8:41  Hive, Mutalisk  
  111  8:42  Mutalisk x3  
  111  8:43  Mutalisk  
  121  8:55  Zerg Melee Weapons Level 2  
  121  9:18  Hatchery  
  121  9:20  Overlord x5  
  121  9:21  Overlord x2  
  120  9:30  Hatchery  
  119  9:45  Overseer, Pneumatized Carapace  
  119  9:49  Zergling x32  
  119  9:51  Baneling x4  
  119  9:52  Baneling x7  
  135  9:53  Baneling x5  
  135  9:55  Extractor  
  135  9:57  Extractor  
  133  10:05  Zergling x2  
  133  10:06  Zergling x16  
  142  10:11  Queen  
  144  10:15  Ultralisk Cavern  
  143  10:29  Baneling  
  143  10:30  Baneling x7  
  113  11:22  Ultralisk x4  
  113  11:23  Ultralisk  
  143  11:30  Zergling x22  
  143  11:31  Zergling x18  
Show
View Real Time Build Order
Export as new Build Order

Nickos Terran 

Build Orders: MMM Bio 

Get SALT Encoding   

  12  0:01  SCV  
  13  0:13  SCV  
  14  0:18  Supply Depot  
  14  0:25  SCV  
  15  0:40  SCV  
  15  0:41  Barracks  
  16  0:52  SCV  
  17  1:04  SCV  
  18  1:19  Command Center  
  18  1:24  SCV  
  19  1:34  Marine  
  19  1:36  Orbital Command  
  20  1:48  Supply Depot  
  20  1:51  Marine  
  20  1:52  Supply Depot  
  21  1:58  Barracks  
  21  2:07  SCV  
  22  2:09  Marine  
  23  2:21  Barracks  
  23  2:24  Refinery  
  23  2:25  Refinery, SCV  
  23  2:28  Marine  
  25  2:37  SCV  
  25  2:39  Orbital Command  
  26  2:50  SCV  
  27  2:56  Marine x2  
  28  3:00  Bunker  
  28  3:02  SCV  
  29  3:06  SCV  
  30  3:21  Barracks Tech Lab  
  30  3:25  SCV  
  30  3:26  Marine, SCV  
  30  3:27  Marine  
  33  3:29  Bunker  
  34  3:37  SCV  
  34  3:39  SCV  
  34  3:41  Marine, Stimpack  
  36  3:44  Marine  
  36  3:45  Marine  
  39  3:50  SCV  
  40  3:57  Factory  
  40  3:59  Marine  
  40  4:02  Marine  
  42  4:04  Supply Depot  
  42  4:08  SCV  
  42  4:09  SCV  
  43  4:21  Barracks Reactor  
  43  4:22  Marine  
  44  4:24  Barracks Reactor, SCV x2  
  44  4:27  Supply Depot  
  46  4:35  Engineering Bay x2, Supply Depot  
  46  4:36  SCV x2  
  46  4:37  Supply Depot  
  48  4:41  Factory Reactor  
  48  4:44  Starport  
  48  4:47  Marine  
  48  4:48  SCV x2  
  48  4:50  Supply Depot  
  51  4:59  Marine x2  
  52  5:00  SCV x2  
  52  5:05  Marine  
  56  5:09  Marine  
  56  5:10  Marine  
  56  5:13  Terran Infantry Weapons Level 1, Terran Infantry Armor Level 1  
  57  5:16  Supply Depot  
  57  5:17  Marine x2  
  57  5:19  Supply Depot  
  59  5:22  SCV x2  
  59  5:25  Marauder  
  63  5:31  Refinery  
  63  5:33  Medivac  
  65  5:44  SCV  
  65  5:45  SCV  
  65  5:47  Supply Depot  
  65  5:49  Marine x2  
  68  5:50  Marine x3  
  68  5:56  SCV  
  73  5:57  SCV  
  73  5:58  Combat Shields  
  74  6:07  Marine  
  74  6:09  Marine x3, SCV x2  
  74  6:10  Command Center, Marine  
  81  6:14  Supply Depot  
  80  6:29  Barracks  
  80  6:34  Marine  
  80  6:35  Marine x3  
  80  6:36  Medivac x2  
  80  6:38  Marauder  
  90  6:43  Supply Depot  
  90  6:50  Armory  
  90  6:53  Supply Depot, Marine  
  91  6:54  Supply Depot, SCV x2  
  91  6:55  Marine x2  
  91  6:58  Widow Mine  
  91  6:59  Marauder  
  91  7:00  Marine  
  100  7:08  Medivac  
  100  7:11  Marine  
  100  7:13  Marine  
  104  7:17  Barracks Tech Lab  
  104  7:20  Marauder  
  106  7:28  Barracks  
  106  7:29  Marine x3  
  108  7:32  Barracks  
  109  7:42  Marauder  
  111  7:47  Marine x3  
  111  7:48  Marine  
  115  8:07  SCV x2  
  115  8:08  Terran Infantry Weapons Level 2, Terran Infantry Armor Level 2  
  115  8:11  Marauder x2  
  115  8:12  Marine x4  
  124  8:19  SCV  
  89  8:29  Marine  
  89  8:30  Marine x3  
  89  8:32  Marauder, Marine  
  89  8:33  Viking x2  
  90  8:47  Marine x2  
  90  8:48  Barracks Tech Lab x2, Marine x2  
  94  8:50  Marine  
  94  8:54  Marauder  
  93  9:12  Marine x3  
  93  9:13  Marauder, Marine  
  93  9:15  Medivac x2, Marauder  
  105  9:18  Barracks x2, Missile Turret  
  105  9:21  Missile Turret  
  103  9:30  Marine x2  
  105  9:35  Marauder  
  105  9:37  Marauder  
  109  9:47  Marine x2  
  109  9:48  Medivac  
  109  9:49  Medivac  
  109  9:51  Orbital Command  
  115  9:56  Marauder  
  117  10:05  Marine x4  
  117  10:06  Marine  
  122  10:18  Marauder  
  124  10:21  SCV  
  124  10:22  SCV x2  
  124  10:24  Marauder  
  129  10:33  SCV  
  129  10:34  SCV  
  129  10:35  Missile Turret  
  131  10:38  Missile Turret  
  131  10:39  Marauder  
  131  10:42  Supply Depot  
  133  10:45  Marine x2  
  133  10:46  Marine x2  
  133  10:47  Marauder  
  139  11:00  Marauder  
  139  11:03  SCV x3  
  144  11:05  Supply Depot  
  144  11:08  Marauder  
  143  11:14  Marine x2  
  143  11:15  SCV, Marine x2  
  93  11:19  Medivac x2  
  93  11:22  Marauder  
  95  11:30  Marauder  
  95  11:31  Barracks x2  
  95  11:32  Barracks  
  93  11:33  Marine  
  93  11:35  Barracks  
  93  11:37  Barracks  
  94  11:43  Marauder, Marine x3  
Tags
 
Add a new tag
Caveats
  • Supply blocks, unpowered buildings, or Contaminate may cause inaccurate times.
  • Supply counts are checked every 10 seconds.